Map: Ley Lines

Players

HeroMarine - Winner!

  • Race: Terran Terran
  • Spawn Location: 1:00

Harstem

  • Race: Protoss Protoss
  • League: Grandmaster
  • Spawn Location: 7:00

VOD

Have the link to the VOD?

Description

Time

  • Played on: June 28, 2025, 1:52 p.m.
  • Length: 19:19
Show
View Real Time Build Order
Export as new Build Order

HeroMarine Terran - Winner!

Build Orders: Cyclone Opening 

Get SALT Encoding   

  12  0:00  SCV  
  13  0:12  SCV  
  14  0:17  Supply Depot  
  14  0:24  SCV  
  15  0:38  SCV  
  15  0:40  Barracks  
  16  0:44  Refinery  
  16  0:50  SCV  
  17  1:02  SCV  
  18  1:15  SCV  
  19  1:27  Orbital Command  
  20  1:35  Command Center  
  20  1:38  Marine  
  20  1:49  Factory  
  20  1:52  SCV  
  21  1:59  Refinery  
  21  2:04  SCV, Barracks Tech Lab  
  22  2:09  Supply Depot  
  22  2:16  SCV  
  23  2:31  SCV  
  23  2:34  Armory  
  24  2:38  Cyclone  
  24  2:43  SCV  
  28  2:47  Barracks Reactor  
  28  2:48  Orbital Command  
  28  2:55  SCV  
  29  3:05  Starport  
  29  3:07  SCV  
  29  3:11  Widow Mine  
  32  3:15  SCV  
  32  3:19  SCV  
  34  3:24  Marine x2  
  36  3:27  SCV, Supply Depot  
  36  3:31  SCV  
  36  3:32  Widow Mine  
  40  3:35  Drilling Claws  
  40  3:39  SCV  
  41  3:42  Marine x2  
  41  3:43  SCV  
  41  3:46  Medivac  
  46  3:48  Supply Depot  
  46  3:51  SCV  
  46  3:54  Widow Mine  
  50  3:55  SCV  
  50  3:59  Marine  
  50  4:00  Marine  
  50  4:02  Refinery  
  52  4:03  SCV  
  52  4:06  Supply Depot  
  52  4:07  SCV  
  54  4:15  SCV, Siege Tank  
  58  4:19  SCV, Starport Tech Lab  
  58  4:22  Barracks  
  58  4:23  Marine  
  60  4:24  Marine  
  60  4:30  Supply Depot  
  60  4:31  SCV  
  62  4:32  SCV  
  63  4:40  Raven  
  63  4:42  Marine x2  
  63  4:43  SCV  
  63  4:44  SCV  
  69  4:54  Supply Depot  
  69  4:55  SCV, Siege Tank  
  69  4:56  SCV  
  74  5:05  Marine x2  
  72  5:07  SCV  
  72  5:08  SCV, Engineering Bay  
  72  5:12  Barracks  
  74  5:18  Supply Depot  
  74  5:19  SCV  
  74  5:20  SCV  
  74  5:21  Marauder, Stimpack  
  76  5:27  Marine x2  
  78  5:31  SCV  
  78  5:32  SCV  
  78  5:34  Terran Infantry Weapons Level 1  
  80  5:35  Supply Depot, Refinery  
  80  5:39  Starport Reactor  
  80  5:43  SCV, Marauder, Factory Reactor  
  80  5:44  SCV, Marine  
  80  5:45  Marine  
  86  5:50  Supply Depot  
  86  5:58  Command Center  
  86  6:02  SCV x2, Marine  
  90  6:05  Marauder  
  91  6:13  Marine  
  91  6:18  Barracks x2  
  92  6:20  Marine  
  92  6:23  Medivac x2  
  92  6:24  Widow Mine x2  
  101  6:26  Marauder  
  101  6:28  Ghost Academy  
  101  6:29  Marauder  
  105  6:35  Marine  
  106  6:42  Concussive Shells  
  106  6:43  SCV x2  
  108  6:48  Marauder  
  108  6:50  Supply Depot, Missile Turret x2  
  108  6:52  Supply Depot  
  110  7:06  Barracks Reactor  
  110  7:09  SCV x2, Widow Mine x2, Medivac x2, Marine x2  
  110  7:10  Marine x2  
  124  7:20  Barracks Tech Lab  
  124  7:21  SCV x2  
  126  7:26  Combat Shield  
  126  7:28  Marauder, Marine x2  
  126  7:29  Marauder  
  132  7:30  Terran Infantry Armor Level 1  
  132  7:33  Supply Depot, SCV x2  
  132  7:34  Supply Depot  
  134  7:42  Marine  
  134  7:43  Marine  
  136  7:44  Widow Mine  
  136  7:47  Orbital Command  
  136  7:50  SCV x2, Marauder  
  138  7:54  Medivac x2  
  138  7:56  Supply Depot x2  
  142  7:59  Refinery  
  142  8:01  Refinery  
  142  8:02  SCV  
  142  8:03  SCV, Bunker  
  143  8:08  Marauder  
  143  8:09  Marauder  
  143  8:11  Marauder  
  146  8:15  SCV x2  
  136  8:20  Marine x2  
  138  8:27  Marine x2  
  138  8:30  Marauder x2, Engineering Bay  
  138  8:32  Ghost  
  149  8:35  Medivac  
  149  8:36  Medivac  
  149  8:37  Widow Mine  
  149  8:38  Marine x2  
  155  8:50  Ghost, Command Center  
  155  8:51  Marauder, Marine x2  
  162  9:00  Terran Infantry Weapons Level 2  
  162  9:01  Marauder, Marine x2  
  166  9:06  Widow Mine x2, SCV x2  
  166  9:08  SCV  
  173  9:11  Marine  
  173  9:15  Marauder, Marine  
  172  9:19  Marine  
  172  9:22  Marine x2  
  173  9:25  Marauder, Viking x2  
  173  9:30  Starport  
  169  9:32  Terran Infantry Armor Level 2  
  169  9:33  Terran Ship Weapons Level 1  
  169  9:37  Marauder  
  165  9:41  Marauder  
  159  9:45  SCV x2  
  159  9:46  SCV  
  159  9:47  Marauder  
  159  9:50  Marine  
  163  9:54  Barracks  
  163  9:57  Barracks  
  163  9:58  Barracks, Marauder  
  163  9:59  Medivac x2  
  169  10:02  SCV x3, Marauder  
  170  10:08  Marauder, Factory Reactor  
  170  10:11  Factory Reactor  
  170  10:14  SCV  
  173  10:19  Marauder  
  173  10:24  Marauder  
  173  10:28  Fusion Core  
  174  10:29  Viking x2  
  171  10:38  SCV x3  
  162  10:43  Marauder x2  
  162  10:44  Marine x2  
  162  10:45  Marauder  
  162  10:48  Viking x2  
  162  10:49  Marine  
  154  10:50  Marine x4  
  148  10:59  Viking  
  148  11:02  Marine x2  
  148  11:04  Marauder, Marine  
  142  11:06  Marauder  
  142  11:07  Marine x5  
  133  11:19  Marine  
  133  11:20  Marine  
  133  11:22  Marauder  
  133  11:25  Marauder, Marine x4  
  137  11:28  Marauder  
  137  11:31  Marine  
  137  11:32  Medivac x2  
  146  11:35  Medivac  
  146  11:37  Marine  
  146  11:38  Marine  
  146  11:43  Marine  
  146  11:44  Marine x3  
  150  11:49  Marine  
  145  11:54  Ghost  
  148  12:01  Marine x2  
  148  12:03  Ghost  
  148  12:04  Command Center  
  148  12:05  Ghost  
  152  12:23  Ghost  
  155  12:30  Medivac, Marine x4  
  155  12:32  Ghost  
  164  12:37  Medivac  
  164  12:41  Supply Depot, Ghost  
  160  12:47  Viking  
  160  12:50  Viking  
  157  12:56  Marauder  
  159  13:05  Ghost  
  165  13:20  Marine x2  
  156  13:29  Caduceus Reactor  
  153  13:40  Viking  
  148  13:44  Orbital Command  
  143  13:49  Ghost  
  143  13:52  Ghost  
  149  14:02  Ghost  
  138  14:17  Ghost  
  138  14:22  Marauder  
  138  14:23  Marine  
  119  14:31  Marauder  
  119  14:36  Marine x2  
  119  14:37  Marine x4  
  123  14:40  Marine  
  123  14:43  Marauder  
  126  14:47  Marauder  
  126  14:50  Viking x3  
  126  14:52  Marine  
  129  14:53  Viking  
  129  14:58  Orbital Command  
  129  15:00  Marine  
  129  15:01  Marine  
  129  15:02  Marine x2  
  129  15:03  Marine x3  
  129  15:04  Marine  
  137  15:16  Marauder x2  
  137  15:20  Viking  
  143  15:22  Widow Mine x2  
  143  15:23  Marauder  
  143  15:26  Viking  
  151  15:30  Viking  
  151  15:32  Viking  
  155  15:38  Marauder x2  
  155  15:39  Barracks Tech Lab x2  
  155  15:40  Marine x3  
  161  15:44  Marine  
  161  15:45  Marine x2  
  164  15:54  SCV x3  
  164  15:59  Marauder x4  
  164  16:01  Viking  
  168  16:05  Missile Turret  
  168  16:06  Bunker  
  168  16:07  Missile Turret  
  166  16:13  Medivac x2  
  166  16:16  Marauder  
  171  16:20  Marauder, Bunker  
  171  16:22  Marauder  
  175  16:27  Marauder  
  175  16:28  Marauder  
  175  16:32  Refinery  
  173  16:44  Marauder x3  
  177  16:48  Marauder  
  177  16:50  Marauder  
  181  16:54  Marine x4  
  181  16:57  Marine  
  186  17:05  Refinery, Marauder  
  188  17:12  Marauder x2  
  188  17:15  Marauder  
  189  17:20  Supply Depot  
  189  17:23  Missile Turret  
  189  17:28  Medivac  
  189  17:33  Marauder x2  
  168  17:40  Marauder, Ghost  
  161  17:47  Marauder  
  163  17:53  Refinery  
  163  17:54  Marauder, Orbital Command  
  163  17:56  Marauder  
  167  18:01  Marauder  
  169  18:09  Marauder  
  169  18:11  Marauder  
  163  18:17  Marauder, Marine x2  
  161  18:21  Marauder  
  161  18:24  Marauder  
  161  18:26  Marine x2  
  152  18:29  Ghost  
  152  18:31  Marine  
  152  18:33  Marauder  
  151  18:35  Marine x2  
  151  18:38  Marine  
  149  18:43  Marauder  
  149  18:44  Marine x2  
  149  18:45  Marine  
  145  18:49  Marine  
  145  18:53  Marine  
  145  18:54  Marauder  
Show
View Real Time Build Order
Export as new Build Order

Harstem Protoss 

Build Orders: 1 Gate Expand, Phoenix Opening, Zealot Archon 

Get SALT Encoding   

  12  0:00  Probe  
  13  0:12  Probe  
  14  0:16  Pylon  
  14  0:24  Probe  
  15  0:33  Probe  
  15  0:35  Gateway  
  15  0:41  Probe  
  16  0:47  Assimilator  
  17  0:51  Probe  
  18  1:03  Probe  
  19  1:15  Probe  
  20  1:22  Nexus  
  20  1:30  Cybernetics Core  
  20  1:33  Probe  
  20  1:39  Assimilator  
  21  1:45  Probe  
  22  1:50  Pylon  
  22  1:56  Stalker  
  22  1:57  Probe  
  23  2:06  Probe  
  23  2:07  Warp Gate  
  25  2:14  Probe  
  27  2:24  Probe, Phoenix  
  27  2:25  Sentry  
  30  2:34  Probe  
  30  2:37  Probe  
  32  2:42  Twilight Council  
  32  2:45  Stalker  
  32  2:46  Probe  
  32  2:49  Probe  
  36  2:54  Gateway  
  36  2:58  Probe  
  37  3:01  Probe  
  38  3:08  Gateway  
  38  3:10  Probe  
  39  3:13  Probe  
  39  3:17  Phoenix  
  40  3:20  Charge  
  40  3:21  Pylon  
  40  3:22  Probe  
  40  3:25  Probe  
  42  3:28  Robotics Facility  
  42  3:34  Probe  
  42  3:38  Probe  
  44  3:45  Pylon  
  44  3:46  Probe  
  44  3:47  Phoenix  
  45  3:50  Probe  
  45  3:55  Stalker x2  
  50  3:58  Probe  
  50  4:02  Probe  
  52  4:05  Pylon, Stalker  
  52  4:08  Assimilator  
  54  4:10  Observer  
  57  4:18  Stalker  
  57  4:23  Nexus  
  57  4:25  Probe x2  
  57  4:29  Stalker  
  62  4:38  Probe  
  62  4:41  Stalker  
  62  4:42  Zealot  
  62  4:44  Probe  
  67  4:48  Pylon  
  67  4:50  Probe  
  68  4:53  Assimilator  
  68  4:56  Probe  
  68  5:02  Probe  
  67  5:07  Zealot  
  67  5:08  Probe  
  70  5:16  Probe  
  70  5:21  Probe  
  71  5:22  Templar Archives  
  71  5:28  Probe  
  71  5:29  Pylon  
  71  5:30  Probe  
  71  5:32  Gateway  
  71  5:33  Probe  
  71  5:34  Forge  
  73  5:36  Probe  
  73  5:38  Probe  
  73  5:41  Zealot  
  77  5:44  Probe, Observer  
  77  5:46  Probe  
  77  5:47  Zealot  
  77  5:49  Zealot  
  84  5:50  Probe  
  84  5:55  Probe  
  85  5:58  Probe  
  85  6:02  Probe, Zealot  
  89  6:04  Protoss Ground Weapons Level 1  
  89  6:06  Psionic Storm  
  89  6:07  Probe  
  89  6:11  Probe  
  89  6:14  Probe, High Templar  
  92  6:19  Probe  
  92  6:20  High Templar  
  92  6:23  Blink  
  96  6:26  Probe  
  96  6:32  Pylon, Warp Prism  
  96  6:34  Gateway  
  96  6:41  High Templar  
  96  6:45  Pylon  
  96  6:46  Observer  
  100  6:54  Nexus  
  100  6:56  High Templar  
  100  6:58  Probe  
  100  7:00  Pylon  
  103  7:02  Pylon  
  103  7:03  Probe  
  105  7:09  Gateway  
  105  7:11  Gateway  
  105  7:15  Pylon, Forge, Gateway  
  104  7:17  Probe  
  104  7:20  Observer  
  105  7:23  Zealot, Probe, High Templar x2  
  105  7:26  Assimilator  
  105  7:27  Photon Cannon  
  105  7:28  Archon  
  112  7:35  Zealot x2  
  116  7:39  Probe, Observer  
  116  7:41  Protoss Ground Armor Level 1  
  116  7:43  Photon Cannon, Robotics Bay  
  114  7:46  Zealot  
  114  7:47  Observer  
  114  7:49  Probe x2  
  116  8:08  Observer  
  116  8:09  Probe  
  111  8:14  Robotics Facility  
  111  8:18  Zealot x7, Protoss Ground Weapons Level 2  
  111  8:19  Zealot  
  127  8:22  Probe  
  127  8:23  Probe  
  127  8:24  Probe  
  128  8:30  Observer  
  128  8:31  Probe  
  132  8:40  Nexus  
  134  8:41  Pylon  
  134  8:43  Stalker x4  
  140  8:52  Colossus  
  140  8:54  Extended Thermal Lance  
  138  9:02  Probe  
  145  9:15  Zealot x6  
  141  9:20  Zealot x8  
  138  9:41  Protoss Ground Armor Level 2  
  138  9:43  Nexus  
  138  9:45  Pylon, Probe x3  
  124  9:48  Zealot x2  
  124  9:49  Zealot x2  
  124  9:50  Pylon  
  121  9:53  Probe  
  121  9:55  Probe  
  121  9:56  Colossus  
  121  9:57  Probe x2  
  125  10:03  Stalker x4  
  125  10:04  Probe  
  139  10:07  Observer  
  139  10:11  Pylon  
  138  10:15  Probe  
  135  10:22  Sentry, Zealot x3  
  143  10:30  Zealot x4  
  131  10:44  Zealot x3  
  131  10:46  High Templar  
  136  10:55  Zealot x4  
  134  10:57  Observer  
  119  11:05  Stalker x2  
  119  11:07  Probe  
  119  11:08  Probe  
  121  11:13  Probe  
  121  11:14  Immortal  
  121  11:16  Zealot x4  
  125  11:19  Probe  
  125  11:23  Zealot  
  125  11:25  Colossus  
  131  11:33  Zealot x2  
  131  11:38  Stalker x3  
  135  11:48  Probe  
  130  12:04  Observer  
  130  12:07  High Templar x3  
  125  12:14  Probe  
  124  12:16  Protoss Ground Weapons Level 3  
  124  12:19  Pylon  
  124  12:21  Pylon  
  124  12:22  Pylon  
  124  12:26  Probe  
  124  12:29  Nexus  
  125  12:31  Observer  
  125  12:35  Shield Battery  
  125  12:43  Observer  
  117  12:47  Stalker x5  
  123  12:51  High Templar  
  125  12:59  Protoss Ground Armor Level 3  
  125  13:09  Zealot  
  125  13:10  Probe  
  128  13:22  Zealot x5  
  115  13:39  Stalker x2  
  115  13:43  Zealot x3  
  115  13:44  Zealot x2  
  125  13:51  Observer  
  126  13:56  Nexus  
  115  14:04  Stalker x4  
  115  14:08  Probe  
  119  14:10  Observer  
  116  14:19  Archon  
  92  14:24  Zealot x3  
  94  14:34  Probe x2  
  94  14:35  Probe, Zealot x4  
  102  14:42  Probe  
  101  14:50  High Templar  
  101  14:51  Zealot, High Templar  
  98  14:53  Probe x2  
  98  14:57  Probe  
  101  15:01  Probe  
  101  15:02  Probe  
  101  15:04  High Templar  
  101  15:05  Sentry, High Templar  
  109  15:09  Archon, Probe  
  109  15:12  Observer  
  109  15:13  Probe  
  109  15:20  Probe  
  109  15:21  Probe x2  
  113  15:23  Pylon  
  113  15:24  Stalker x2, Observer  
  117  15:33  Stalker x2, High Templar  
  123  15:38  Zealot x2  
  127  15:54  Zealot x2  
  127  16:05  Stalker x4  
  127  16:10  Colossus  
  135  16:16  Nexus  
  133  16:19  Zealot x3  
  145  16:38  Colossus  
  131  16:41  Zealot x7  
  139  16:53  Probe  
  146  17:02  Probe x2  
  146  17:04  Observer  
  146  17:08  Archon, High Templar x2  
  140  17:16  Stalker, Zealot x4  
  150  17:28  Colossus  
  150  17:30  Nexus  
  150  17:34  Nexus  
  120  17:41  Colossus  
  120  17:42  Zealot x4  
  122  17:45  Observer  
  120  17:54  Probe  
  120  17:58  Probe  
  127  18:02  Zealot x3  
  133  18:05  Probe  
  133  18:06  Probe  
  129  18:15  Zealot x3, High Templar  
  130  18:25  Zealot x3  
  113  18:37  High Templar  
  113  18:38  Zealot  
  110  18:49  Zealot x4  
Tags
 
Add a new tag
Caveats
  • Supply blocks, unpowered buildings, or Contaminate may cause inaccurate times.
  • Supply counts are checked every 10 seconds.